 Dungeon Crawl Stone Soup version 0.28.0-45-g0d030f2227 (webtiles) character file.

Game seed: 12229999569554927384

436 CryoSword the Vexing (level 6, -2/47 HPs)
             Began as a Demonspawn Enchanter on Mar 31, 2022.
             Slain by a gnoll
             ... wielding a +0 spear
              (4 damage)
             ... on level 4 of the Dungeon.
             The game lasted 00:06:05 (4175 turns).

CryoSword the Vexing (Demonspawn Enchanter)         Turns: 4175, Time: 00:06:06

Health: -2/47      AC:  4    Str: 10    XL:     6   Next: 68%
Magic:  5/9        EV: 11    Int: 17    God:
Gold:   130        SH:  0    Dex: 13    Spells: 4/9 levels left

rFire   + . .      SeeInvis .   u - +1 scimitar (vamp)
rCold   . . .      Faith    .   (no shield)
rNeg    . . .      Spirit   .   j - +1 leather armour {rF+}
rPois   .          Reflect  .   (no helmet)
rElec   .          Harm     .   (no cloak)
rCorr   .          Rampage  .   (no gloves)
Will    .....                   (no boots)
Stlth   ++........              (no amulet)
HPRegen 0.15/turn               h - ring of wizardry
MPRegen 0.11/turn               (no ring)

@: confusing by touch
A: powered by pain 1, spiny 2
a: no special abilities


You were on level 4 of the Dungeon.
You visited 1 branch of the dungeon, and saw 4 of its levels.
You also visited: Sewer.

You collected 130 gold pieces.

Inventory:

Hand Weapons
 a - a +1 dagger
 n - a +3 lajatang of pain
   (You found it in a sewer)
 t - a +0 rapier
   (You took it off a goblin on level 3 of the Dungeon)
 u - a +1 vampiric scimitar (weapon)
   (You found it on level 3 of the Dungeon)
Missiles
 l - 10 boomerangs (quivered)
 p - a throwing net
 r - 2 boomerangs of dispersal {!f}
Armour
 j - a +1 leather armour of fire resistance (worn)
   (You found it on level 2 of the Dungeon)
Jewellery
 h - a ring of wizardry (left hand)
   (You found it on level 2 of the Dungeon)
Scrolls
 b - 2 scrolls of identify {unknown}
 e - a scroll of holy word {unknown}
 g - a scroll of amnesia {unknown}
 k - a scroll of fog {unknown}
 m - 2 scrolls of teleportation {unknown}
 q - 2 scrolls of magic mapping {unknown}
Potions
 c - a potion of invisibility
 d - a potion of lignification {unknown}
 f - a potion of might {unknown}
 i - 2 potions of heal wounds {unknown}
 o - a potion of brilliance {unknown}
 s - a potion of berserk rage
 v - a potion of attraction {unknown}
 w - a potion of cancellation {unknown}


   Skills:
 + Level 3.1 Fighting
 - Level 3.0 Short Blades
 * Level 0.1(1.8) Long Blades
 + Level 2.0 Dodging
 - Level 4.1 Stealth
 - Level 2.0 Spellcasting
 + Level 4.4 Hexes
 * Level 1.1 Ice Magic


You had 4 spell levels left.
You knew the following spells:

 Your Spells              Type           Power      Damage    Failure   Level
a - Ensorcelled Hibernat  Hex/Ice        22%        N/A       5%          2
b - Confusing Touch       Hex            16%        N/A       5%          3

Your spell library contained the following spells:

 Spells                   Type           Power      Damage    Failure   Level
 Tukima's Dance           Hex            16%        N/A       5%          3
 Dazzling Flash           Conj/Hex       18%        N/A       13%         3
 Stone Arrow              Conj/Erth      2%         3d7       30%         3
 Fulminant Prism          Conj/Hex       4%         3d6       38%         4
 Borgnjor's Vile Clutch   Necr/Erth      0%         N/A       94%         5
 Orb of Destruction       Conj           0%         9d5       100%        7


Dungeon Overview and Level Annotations

Branches:
Dungeon (4/15)              Sewer (visited)
 Temple: D:4-7

Altars:
Qazlal


Innate Abilities, Weirdness & Mutations

You sometimes gain a little power by taking damage.
You are mostly covered in sharp spines.


Message History

A bat is nearby!
A bat is nearby!
A bat is nearby!
Found a club.
The bat hits you but does no damage.
You hit the bat. The bat is struck by your spines.
You kill the bat!
No target in view!
No target in view!
You pick up the Catalogue of Hurtful Stones and begin reading...
You add the spells Stone Arrow, Fulminant Prism, Borgnjor's Vile Clutch and Orb of Destruction to your library.
Key pressed, stopping explore.
Found a runed scimitar.
Could not explore, unopened door.
Could not explore, unopened door.
Could not explore, unopened door.
As you open the door, it creaks loudly!
There is an open door here.
Could not explore, unopened door.
Could not explore, unopened door.
Could not explore, unopened door.
You open the door.
A rat comes into view.
There is an open door here.
A rat is nearby!
A rat is nearby!
You barely miss the rat.
The rat twitches its whiskers.
The rat closely misses you.
You hit the rat.
You kill the rat!
No target in view!
No target in view!
An adder comes into view.
An adder is nearby!
An adder is nearby!
The adder hisses angrily.
The adder barely misses you. The adder is struck by your spines.
The adder bites you.
You hit the adder. The adder barely misses you.
You closely miss the adder. The adder is struck by your spines.
You kill the adder!
No target in view!
Done exploring.
Done exploring.
Done exploring.
Done exploring.
Search for what [? for help]? brand You see here a +0 war axe.
You see here a +1 vampiric scimitar.
u - a +1 vampiric scimitar You feel a sense of dread.
u - a +1 vampiric scimitar (weapon)
Done exploring.
Done exploring.
There is a stone staircase leading down here.
You climb downwards.
Found a scroll labelled KOIXUA XINAEMO, a puce potion and a scale mail.
There is a stone staircase leading up here.
The adder hisses angrily.
The adder is struck by your spines. The adder bites you.
You miss the adder. The adder is struck by your spines.
You kill the adder!
No target in view!
v - a puce potion
b - 2 scrolls labelled KOIXUA XINAEMO (gained 1)
You now have 121 gold pieces (gained 4).
Found a ring mail.
Found a runed scarf.
Found a dagger.
Found a stone staircase leading down.
You now have 130 gold pieces (gained 9).
w - a white potion A worm and a scorpion come into view.
There are monsters nearby!
There are monsters nearby!
You hit the worm. The worm barely misses you.
You barely miss the worm. You hit the worm. The worm bites you.
You slash the worm!
You feel better.
You kill the worm!
You slash the scorpion! The scorpion is struck by your spines.
The scorpion stings you. The scorpion stings you!
You closely miss the scorpion. The scorpion barely misses you.
The scorpion is struck by your spines. The scorpion stings you.
You are poisoned.
The scorpion poisons you!
You are too injured to fight recklessly!
Unknown command.
You slash the scorpion!
You feel better.
You kill the scorpion!
You feel very sick.
Your Fighting skill increases to level 3!
Your Short Blades skill increases to level 3!
Your Dodging skill increases to level 2!
Your Ice Magic skill increases to level 1!
Setting a skill training target for Long Blades at 14.0.
You feel very sick.
You feel sick.
You feel sick.
You feel sick.
You feel sick.
You feel sick.
You feel sick.
You feel sick.
You are no longer poisoned.
Key pressed, stopping explore.
A gnoll comes into view. It is wielding a +0 flail.
A gnoll is nearby!
A gnoll comes into view. It is wielding a +0 spear.
The gnoll shouts!
You hear a shout!
The gnoll moves out of view.
A gnoll comes into view. It is wielding a +0 spear.
A gnoll comes into view. It is wielding a +0 whip.
You slash the gnoll! The gnoll is struck by your spines.
You kill the gnoll!
The gnoll hits you but does no damage. The gnoll barely misses you.
Aim: a gnoll, wielding a +0 spear (chance to affect: 53%)
The gnoll resists with significant effort.
The gnoll barely misses you. The gnoll closely misses you.
The gnoll hits you with a +0 spear.
You hit the gnoll.
You feel better. The gnoll misses you. x2
The gnoll hits you from afar with a +0 spear.
The gnoll misses you.
You completely miss the gnoll. The gnoll barely misses you.
The gnoll is struck by your spines. The gnoll hits you with a +0 spear.
You hit the gnoll.
You feel better.
The gnoll hits you from afar with a +0 spear.
The gnoll hits you with a +0 spear.
You are too injured to fight recklessly!
You are too injured to fight recklessly!
Your hands begin to glow red.
The gnoll hits you from afar with a +0 spear!
The gnoll is struck by your spines.
You kill the gnoll!
You are too injured to fight recklessly!
You are too injured to fight recklessly!
The gnoll hits you with a +0 spear.
* * * LOW HITPOINT WARNING * * *
You barely miss the gnoll. The gnoll hits you with a +0 whip.
* * * LOW HITPOINT WARNING * * *
The gnoll is struck by your spines. The gnoll hits you but does no damage.
The gnoll is struck by your spines. The gnoll hits you with a +0 whip.
* * * LOW HITPOINT WARNING * * *
The gnoll is struck by your spines. The gnoll hits you with a +0 spear.
* * * LOW HITPOINT WARNING * * *
You hit the gnoll but do no damage. The gnoll hits you with a +0 whip!
* * * LOW HITPOINT WARNING * * *
The gnoll hits you with a +0 spear.
You die...

# #..........##
...###.........# .......
#.............# ##.......
#####..##....## #........
########.####### #........
##....###..#### #........
#........#....######........
#................g##........
.............#..@g)........#
..............######)......#
...............## ##.......
................## #######
##...............#
##..............#
####............##
...##...........#
...............##


You could see 2 gnolls.

Vanquished Creatures
  2 bullfrogs (Sewer)
  A scorpion (D:4)
  9 adders
  6 gnolls
  4 worms
  2 dart slugs (D:1)
  3 orcs
  4 bats
  7 endoplasms
  11 giant cockroaches
  12 goblins
  2 hobgoblins
  6 quokkas
  14 ball pythons
  7 frilled lizards
  4 kobolds
  7 rats
101 creatures vanquished.

Notes
Turn   | Place    | Note
-------+----------+-------------------------------------------
     0 | D:1      | CryoSword the Demonspawn Enchanter began the quest for the
                  | Orb.
     0 | D:1      | Reached XP level 1. HP: 13/13 MP: 3/3
    27 | D:1      | Reached skill level 1 in Short Blades
   457 | D:1      | Gained mutation: You are partially covered in sharp spines.
                  | [demonic ancestry]
   457 | D:1      | Reached XP level 2. HP: 20/20 MP: 5/5
   460 | D:1      | Learned a level 2 spell: Ensorcelled Hibernation
   683 | D:1      | Reached skill level 1 in Fighting
   859 | D:1      | Found a faded altar of an unknown god.
   865 | D:1      | Reached XP level 3. HP: 22/26 MP: 6/6
  1500 | D:2      | Learned a level 3 spell: Confusing Touch
  2052 | D:3      | Gained mutation: You sometimes gain a little power by
                  | taking damage. [demonic ancestry]
  2052 | D:3      | Reached XP level 4. HP: 29/32 MP: 7/7
  2058 | D:3      | Found a glowing drain.
  2143 | Sewer    | Entered a sewer
  2921 | Sewer    | Gained mutation: You are mostly covered in sharp spines.
                  | [demonic ancestry]
  2921 | Sewer    | Reached XP level 5. HP: 37/38 MP: 8/8
  2933 | Sewer    | Reached XP level 6. HP: 41/46 MP: 4/9
  2988 | D:3      | Found a stormy altar of Qazlal.
  3468 | D:3      | Got the Catalogue of Hurtful Stones
  3884 | D:4      | Reached skill level 1 in Ice Magic
  4175 | D:4      | HP: 2/47 [gnoll/+0 whip (7)]
  4175 | D:4      | Slain by a gnoll

Illustrated notes

Levels and vault maps discovered:
D:1:      dpeg_arrival_simpleton_b, layout_basic,
          chequers_ecumenical_altar_simple_redux
D:2:      layout_rooms, minmay_tiny_reverse_x
D:3:      layout_basic, nicolae_qazlal_general_emergency, portal_sewer_entry_d,
          item_on_display_a
D:4:      layout_cave_pods, lemuel_round_altar, overflow_temple_1_default,
          kennysheep_mini

Skill      XL: |  1  2  3  4  5  6 |
---------------+-------------------+-----
Short Blades   | 1 2 3 |  3.0
Stealth        | 3 4 |  4.1
Fighting       | 1 2 3 |  3.1
Hexes          | 4 |  4.4
Dodging        | 2 |  2.0
Ice Magic      | 1 |  1.1
Long Blades    | |  0.1
Spellcasting   | |  2.0

Action                   |  1- 3 |  4- 6 || total
-------------------------+-------+-------++-------
Melee: Dagger            |    92 |    99 ||   191
       Scimitar          |       |    14 ||    14
 Cast: Ensorcelled Hiber |    19 |    14 ||    33
       Confusing Touch   |       |     4 ||     4
  Use: Potion            |       |     2 ||     2
 Stab: Sleeping          |    20 |     8 ||    28
       Confused          |       |     1 ||     1
Armor: Robe              |    15 |       ||    15
       Leather armour    |     4 |    24 ||    28
Dodge: Dodged            |    49 |    70 ||   119
